 Dungeon Crawl Stone Soup version 0.29-a0-397-g846e4a0bbc (webtiles) character file.

Game seed: 15966339571101161759

238 bladeefan the Skirmisher (level 6, -1/39 HPs)
             Began as a Gargoyle Fighter on May 11, 2022.
             Slain by Crazy Yiuf
             ... wielding a +2 quarterstaff of chaos
              (8 damage)
             ... on level 2 of the Dungeon.
             The game lasted 00:03:14 (2621 turns).

bladeefan the Skirmisher (Gargoyle Fighter)         Turns: 2621, Time: 00:03:15

Health: -1/39      AC: 11    Str: 21    XL:     6   Next: 7%
Magic:  6/6        EV:  9    Int:  9    God:
Gold:   50         SH:  4    Dex:  9    Spells: 5/5 levels left

rFire   . . .      SeeInvis .   a - +0 flail
rCold   . . .      Faith    .   c - +0 buckler
rNeg    + . .      Spirit   .   b - +0 scale mail
rPois   ∞          Reflect  .   (no helmet)
rElec   +          Harm     .   (no cloak)
rCorr   .          Rampage  .   (no gloves)
Will    .....                   (no boots)
Stlth   ..........              (no amulet)
HPRegen 0.13/turn               (no ring)
MPRegen 0.10/turn               (no ring)

@: no status effects
A: sickness immunity, AC +4, negative energy resistance 1, electricity
resistance, torment resistance 1, petrification resistance
a: no special abilities


You were on level 2 of the Dungeon.
You visited 1 branch of the dungeon, and saw 2 of its levels.

You collected 50 gold pieces.

Inventory:

Hand Weapons
 a - a +0 flail (weapon)
Armour
 b - a +0 scale mail (worn)
 c - a +0 buckler (worn)
Scrolls
 f - a scroll of fog {unknown}
 g - a scroll of fear {unknown}
 h - a scroll of magic mapping {unknown}
 k - 2 scrolls of vulnerability {unknown}
 l - a scroll of enchant armour {unknown}
 m - a scroll of identify {unknown}
Potions
 d - a potion of might
 e - a potion of haste {unknown}
 i - a potion of resistance {unknown}
 j - a potion of brilliance {unknown}
 n - a potion of invisibility


   Skills:
 + Level 4.3 Fighting
 * Level 4.1 Maces & Flails
 + Level 4.3 Armour
 + Level 4.3 Shields


You had 5 spell levels left.
You didn't know any spells.
Your spell library contained the following spells:

 Spells                   Type           Power      Damage    Failure   Level
 Foxfire                  Conj/Fire      0%         2x1d4     80%         1
 Conjure Flame            Conj/Fire      0%         6-21      99%         3
 Inner Flame              Hex/Fire       0%         N/A       99%         3
 Flame Wave               Conj/Fire      0%         2d4       100%        4


Dungeon Overview and Level Annotations

Branches:
Dungeon (2/15)

Altars:

Shops:
D:2 *

Annotations:
D:2 Crazy Yiuf


Innate Abilities, Weirdness & Mutations

You are immune to sickness and miasma.
Your stone body is resilient. (AC +4)
You are immune to poison.
You resist negative energy. (rN+)
You are resistant to electric shocks. (rElec)
You are resistant to unholy torment.
You are immune to petrification.


Message History

You hit the phantom but do no damage. The phantom barely misses you.
The phantom hits you but does no damage.
You hit the phantom. You block the phantom's attack.
You sock the phantom!
You destroy the phantom!
Your Maces & Flails skill increases to level 4!
You have reached level 6!
Key pressed, stopping explore.
Key pressed, stopping explore.
Key pressed, stopping explore.
Key pressed, stopping explore.
Key pressed, stopping explore.
You see here a +0 hunting sling.
There is an open door here.
There is an open door here.
Crazy Yiuf shouts!
Crazy Yiuf whimpers, "Leather action eyeball!"
You see here a +0 mace.
You see here a +0 mace.
You see here a +0 mace.
You open the door. You hit Crazy Yiuf but do no damage.
Crazy Yiuf glowers.
You block Crazy Yiuf's attack.
You sock Crazy Yiuf! Crazy Yiuf hits you but does no damage.
You block Crazy Yiuf's attack.
You thump Crazy Yiuf! Crazy Yiuf closely misses you.
You barely miss Crazy Yiuf. Crazy Yiuf barely misses you.
You closely miss Crazy Yiuf.
Crazy Yiuf drinks a potion.
Crazy Yiuf is healed!
You closely miss Crazy Yiuf.
Crazy Yiuf hits you with a +2 quarterstaff of chaos.
Crazy Yiuf freezes you.
Crazy Yiuf hits you with a +2 quarterstaff of chaos!
You hit Crazy Yiuf. Crazy Yiuf closely misses you.
You hit Crazy Yiuf but do no damage.
Crazy Yiuf drinks a potion.
Crazy Yiuf is healed!
You barely miss Crazy Yiuf.
Crazy Yiuf yells, "Peeping!
Candle senile unthinkable."
Crazy Yiuf closely misses you.
You hit Crazy Yiuf but do no damage.
Crazy Yiuf hits you with a +2 quarterstaff of chaos!
* * * LOW HITPOINT WARNING * * *
Crazy Yiuf burns you.
* * * LOW HITPOINT WARNING * * *
Crazy Yiuf hits you but does no damage.
You closely miss Crazy Yiuf. You block Crazy Yiuf's attack.
You sock Crazy Yiuf! Crazy Yiuf closely misses you.
You barely miss Crazy Yiuf.
Crazy Yiuf hits you with a +2 quarterstaff of chaos!
You die...

.............'.........'.......#.
#####.#...####.........####...##.
#.##.## ##.......###........
##.#### ######### #.#####..
##.#.## #.# #.. ##.###.##
#.#####.. ##.## ##.# ###
♣♣##..#..... #.## ### #)).#♣♣
♣♣.....#.##.# ##.## ##.#
#.).g@♣♣♣♣.P....#.##.# ##.###.##
#).)#♣))♣......##.##.# ##.#..#
### ♣♣♣.♣)P.........# ##.#.#
♣♣♣♣♣#####.#### ###.## #....#
#..# ###### ####### ####
#....#####.# ####.......#
#.#######


You could see Crazy Yiuf.

Vanquished Creatures
  A phantom (D:2)
  Natasha (thrice) (D:2)
  5 adders (D:2)
  A worm (D:2)
  2 dart slugs
  6 ball pythons
  4 endoplasms
  A giant cockroach (D:1)
  2 hobgoblins
  4 jackals (D:1)
  2 kobolds (D:1)
  A quokka (D:2)
  4 bats (D:1)
  A frilled lizard (D:1)
  5 goblins
  6 rats
48 creatures vanquished.

Vanquished Creatures (others)
  A fungus (D:2)
1 creature vanquished.

Grand Total: 49 creatures vanquished

Notes
Turn   | Place    | Note
-------+----------+-------------------------------------------
     0 | D:1      | bladeefan the Gargoyle Fighter began the quest for the Orb.
     0 | D:1      | Reached XP level 1. HP: 14/14 MP: 1/1
    24 | D:1      | Reached XP level 2. HP: 9/19 MP: 2/2
   652 | D:1      | Reached XP level 3. HP: 23/23 MP: 3/3
   800 | D:1      | Found a faded altar of an unknown god.
   918 | D:2      | Noticed Natasha
   940 | D:2      | Killed Natasha
   941 | D:2      | Reached XP level 4. HP: 12/29 MP: 4/4
  1532 | D:2      | Found Allaep's General Store.
  1764 | D:2      | Found a runed translucent door.
  1765 | D:2      | Noticed Crazy Yiuf
  1873 | D:2      | Noticed Natasha
  1878 | D:2      | Killed Natasha
  1879 | D:2      | Reached XP level 5. HP: 33/33 MP: 5/5
  1993 | D:2      | Noticed Natasha
  2026 | D:2      | Killed Natasha
  2393 | D:2      | Noticed a phantom
  2413 | D:2      | Killed a phantom
  2414 | D:2      | Reached XP level 6. HP: 38/39 MP: 6/6
  2621 | D:2      | Slain by Crazy Yiuf

Illustrated notes

Levels and vault maps discovered:
D:1:      scummos_arrival_star, layout_loops_ring,
          chequers_ecumenical_altar_grove
D:2:      layout_loops_corners, serial_shops, shop, uniq_crazy_yiuf_cottage,
          uniq_natasha

Skill      XL: |  1  2  3  4  5 |
---------------+----------------+-----
Maces & Flails | 3 4 |  4.1
Fighting       | 4 |  4.3
Armour         | 4 |  4.3
Shields        | 4 |  4.3

Action                   |  1- 3 |  4- 6 || total
-------------------------+-------+-------++-------
Melee: Flail             |    90 |   129 ||   219
  Use: Potion            |     1 |     1 ||     2
Armor: Scale mail        |    73 |    60 ||   133
Dodge: Dodged            |    57 |    54 ||   111
Block: Buckler           |    34 |    26 ||    60

Table legend: (Time is in decaauts)
 A = Elapsed time spent in this place.
 B = Non-inter-level travel time spent in this place.
 C = Inter-level travel time spent in this place.
 D = Time resting spent in this place.
 E = Time spent auto-exploring this place.
 F = Levels seen in this place.
 G = Mean time per level.
                   A        B        C        D        E       F      G
               +--------+--------+--------+--------+--------+-----+--------+
         Total |   2700 |   2662 |     38 |    522 |   1652 |   2 | 1350.0 |
       Dungeon |   2700 |   2662 |     38 |    522 |   1652 |   2 | 1350.0 |
               +--------+--------+--------+--------+--------+-----+--------+

Top non-repeatable levels by time:
     D:2: 1758 daAuts
     D:1: 942 daAuts
